TOP OF THE 1ST |
Butler Bulldogs batting - Pitching for Texas Christian Horned Frogs : RHP David Miller
|
Pitching: RHP David Miller
|
|
Batting: LHB Alex Kelly
|
0-0: Ball 1-0: Ground out 4-3 (Groundball, 34D)
|
Batting: LHB Víctor Piña
|
0-0: Called Strike 0-1: Ball 1-1: SINGLE (Line Drive, 6D)
|
Batting: LHB Darryl Kirby
|
0-0: Ball 1-0: Ball 2-0: Fielders Choice at 2nd, 3-6 (Groundball, 3)
|
Batting: RHB Howard Reed
|
0-0: Ball 1-0: Ground out 4-3 (Groundball, 34)
|
Top of the 1st over - 0 run(s), 1 hit(s), 0 error(s), 1 left on base; Butler 0 - Texas Christian 0 |
BOTTOM OF THE 1ST |
Texas Christian Horned Frogs batting - Pitching for Butler Bulldogs : RHP Michael Knight
|
Pitching: RHP Michael Knight
|
|
Batting: RHB Eric Adams
|
0-0: Ball 1-0: Ball 2-0: Foul Ball, location: 2F 2-1: Ball 3-1: Base on Balls
|
Batting: RHB Jeff Byford
|
0-0: Ball 1-0: Ball 2-0: Ball 3-0: Base on Balls Eric Adams to second
|
Batting: LHB Todd Gilliam
|
0-0: Swinging Strike 0-1: Fly out, F7 (Flyball, 7S)
|
Batting: LHB Winston Lewis
|
0-0: Called Strike Eric Adams steals 3rd base Jeff Byford to second 0-1: Ball 1-1: Called Strike 1-2: Foul Ball, location: 2F 1-2: Ground out 4-3 (Groundball, 4) Eric Adams scores Jeff Byford to third
|
Batting: SHB Ron Winston
|
0-0: Foul Ball, location: 2F 0-1: Foul Ball, location: 2F 0-2: Ball 1-2: Ball 2-2: Foul Ball, location: 2F 2-2: DOUBLE (Line Drive, 78M) Jeff Byford scores
|
Batting: RHB Stan Webb
|
0-0: Ball 1-0: Ball 2-0: Ball 3-0: Called Strike 3-1: Fly out, F9 (Flyball, 9S)
|
Bottom of the 1st over - 2 run(s), 1 hit(s), 0 error(s), 1 left on base; Butler 0 - Texas Christian 2 |
TOP OF THE 2ND |
Butler Bulldogs batting - Pitching for Texas Christian Horned Frogs : RHP David Miller
|
Batting: LHB Arnold Bernard
|
0-0: Foul Ball, location: 2F 0-1: Ball 1-1: Foul Ball, location: 2F 1-2: Fly out, F6 (Popup, 6D)
|
Batting: SHB Kel Davis
|
0-0: Ball 1-0: Called Strike 1-1: Swinging Strike 1-2: Strikes out swinging
|
Batting: RHB Foster Love
|
0-0: Ball 1-0: Fly out, F9 (Flyball, 9LS)
|
Top of the 2nd over - 0 run(s), 0 hit(s), 0 error(s), 0 left on base; Butler 0 - Texas Christian 2 |
BOTTOM OF THE 2ND |
Texas Christian Horned Frogs batting - Pitching for Butler Bulldogs : RHP Michael Knight
|
Batting: LHB Axel Hall
|
0-0: Ground out 1-3 (Groundball, 13)
|
Batting: RHB Parker Gonzáles
|
0-0: Called Strike 0-1: Ground out 6-3 (Groundball, 56)
|
Batting: SHB Pete Fields
|
0-0: Swinging Strike 0-1: Ball 1-1: Swinging Strike 1-2: Ball 2-2: Ball 3-2: Strikes out swinging
|
Bottom of the 2nd over - 0 run(s), 0 hit(s), 0 error(s), 0 left on base; Butler 0 - Texas Christian 2 |
TOP OF THE 3RD |
Butler Bulldogs batting - Pitching for Texas Christian Horned Frogs : RHP David Miller
|
Batting: RHB Daniel Bennett
|
0-0: Ball 1-0: Called Strike 1-1: Called Strike 1-2: DOUBLE (Line Drive, 78D)
|
Batting: SHB Larry Walters
|
0-0: Foul Ball, location: 2F 0-1: Swinging Strike 0-2: Foul Ball, location: 2F 0-2: Ball 1-2: Ground out 3-1 (Groundball, 34S) Daniel Bennett to third
|
Batting: LHB Alex Kelly
|
0-0: Fly out, F7 (Flyball, 7D) Runner from 3rd tags up, SCORES, no throw
|
Batting: LHB Víctor Piña
|
0-0: Ball 1-0: SINGLE (Groundball, 6D)
|
Batting: LHB Darryl Kirby
|
0-0: Ball 1-0: Ball 2-0: SINGLE (Groundball, 4MD) Víctor Piña to second
|
Batting: RHB Howard Reed
|
0-0: Ball 1-0: Swinging Strike 1-1: Ball 2-1: Foul Ball, location: 2F 2-2: Strikes out swinging
|
Top of the 3rd over - 1 run(s), 3 hit(s), 0 error(s), 2 left on base; Butler 1 - Texas Christian 2 |
BOTTOM OF THE 3RD |
Texas Christian Horned Frogs batting - Pitching for Butler Bulldogs : RHP Michael Knight
|
Batting: RHB Eric Adams
|
0-0: Called Strike 0-1: Foul Ball, location: 2F 0-2: Foul Ball, location: 2F 0-2: Fly out, F6 (Popup, 6D)
|
Batting: RHB Jeff Byford
|
0-0: Called Strike 0-1: Swinging Strike 0-2: Ball 1-2: Ball 2-2: Foul Ball, location: 2F 2-2: Foul Ball, location: 2F 2-2: Ball 3-2: Strikes out swinging
|
Batting: LHB Todd Gilliam
|
0-0: Foul Ball, location: 2F 0-1: Ball 1-1: Ball 2-1: Ball 3-1: Foul Ball, location: 2F 3-2: Foul Ball, location: 2F 3-2: Foul Ball, location: 2F 3-2: Base on Balls
|
Batting: LHB Winston Lewis
|
0-0: Ball 1-0: Ball Todd Gilliam steals 2nd base 2-0: Swinging Strike 2-1: Swinging Strike 2-2: Strikes out swinging
|
Bottom of the 3rd over - 0 run(s), 0 hit(s), 0 error(s), 1 left on base; Butler 1 - Texas Christian 2 |
TOP OF THE 4TH |
Butler Bulldogs batting - Pitching for Texas Christian Horned Frogs : RHP David Miller
|
Batting: LHB Arnold Bernard
|
0-0: Called Strike 0-1: Ball 1-1: Foul Ball, location: 2F 1-2: Fly out, F7 (Flyball, 7)
|
Batting: SHB Kel Davis
|
0-0: Called Strike 0-1: Ball 1-1: Foul Ball, location: 2F 1-2: Strikes out looking
|
Batting: RHB Foster Love
|
0-0: Called Strike 0-1: Foul Ball, location: 2F 0-2: Strikes out looking
|
Top of the 4th over - 0 run(s), 0 hit(s), 0 error(s), 0 left on base; Butler 1 - Texas Christian 2 |
BOTTOM OF THE 4TH |
Texas Christian Horned Frogs batting - Pitching for Butler Bulldogs : RHP Michael Knight
|
Batting: SHB Ron Winston
|
0-0: Ball 1-0: Fly out, F8 (Flyball, 8LM)
|
Batting: RHB Stan Webb
|
0-0: Called Strike 0-1: Foul Ball, location: 2F 0-2: Ball 1-2: Ground out 1-3 (Groundball, 13S)
|
Batting: LHB Axel Hall
|
0-0: Called Strike 0-1: Ball 1-1: Ball 2-1: Swinging Strike 2-2: Ball 3-2: Foul Ball, location: 2F 3-2: Base on Balls
|
Batting: RHB Parker Gonzáles
|
0-0: Fly out, F9 (Line Drive, 89M)
|
Bottom of the 4th over - 0 run(s), 0 hit(s), 0 error(s), 1 left on base; Butler 1 - Texas Christian 2 |
TOP OF THE 5TH |
Butler Bulldogs batting - Pitching for Texas Christian Horned Frogs : RHP David Miller
|
Batting: RHB Daniel Bennett
|
0-0: Foul Ball, location: 2F 0-1: Fly out, F8 (Line Drive, 8RM)
|
Batting: SHB Larry Walters
|
0-0: Ball 1-0: Ground out 6-3 (Groundball, 56)
|
Batting: LHB Alex Kelly
|
0-0: Ball 1-0: Called Strike 1-1: Foul Ball, location: 2F 1-2: Foul Ball, location: 2F 1-2: Ball 2-2: Strikes out swinging
|
Top of the 5th over - 0 run(s), 0 hit(s), 0 error(s), 0 left on base; Butler 1 - Texas Christian 2 |
BOTTOM OF THE 5TH |
Texas Christian Horned Frogs batting - Pitching for Butler Bulldogs : RHP Michael Knight
|
Batting: SHB Pete Fields
|
0-0: Ball 1-0: Fly out, F7 (Flyball, 7S)
|
Batting: RHB Eric Adams
|
0-0: Called Strike 0-1: Ball 1-1: Ball 2-1: Foul Ball, location: 2F 2-2: Strikes out swinging
|
Batting: RHB Jeff Byford
|
0-0: Ball 1-0: Foul Ball, location: 2F 1-1: SINGLE (Flyball, 8LS)
|
Pitching: LHP Rick Estes
|
|
Batting: LHB Todd Gilliam
|
0-0: Called Strike 0-1: Swinging Strike 0-2: Strikes out swinging
|
Bottom of the 5th over - 0 run(s), 1 hit(s), 0 error(s), 1 left on base; Butler 1 - Texas Christian 2 |
TOP OF THE 6TH |
Butler Bulldogs batting - Pitching for Texas Christian Horned Frogs : RHP David Miller
|
Batting: LHB Víctor Piña
|
0-0: Ball 1-0: Foul Ball, location: 2F 1-1: Ball 2-1: Ball 3-1: Called Strike 3-2: Foul Ball, location: 2F 3-2: Ground out 4-3 (Groundball, 4)
|
Batting: LHB Darryl Kirby
|
0-0: Called Strike 0-1: Swinging Strike 0-2: Strikes out swinging
|
Batting: RHB Howard Reed
|
0-0: Swinging Strike 0-1: Ball 1-1: Ball 2-1: Ball 3-1: Ground out 5-3 (Groundball, 56S)
|
Top of the 6th over - 0 run(s), 0 hit(s), 0 error(s), 0 left on base; Butler 1 - Texas Christian 2 |
BOTTOM OF THE 6TH |
Texas Christian Horned Frogs batting - Pitching for Butler Bulldogs : LHP Rick Estes
|
Batting: LHB Winston Lewis
|
0-0: Fly out, F4 (Popup, 4D)
|
Batting: SHB Ron Winston
|
0-0: Ball 1-0: SINGLE (Groundball, 6MD)
|
Batting: RHB Stan Webb
|
0-0: Ball 1-0: Ball 2-0: Foul Ball, location: 2F 2-1: SINGLE (Line Drive, 78M) Ron Winston to second
|
Pitching: RHP Cory Smith
|
|
Batting: LHB Axel Hall
|
0-0: Ball 1-0: Ball 2-0: Ball 3-0: Called Strike 3-1: Foul Ball, location: 2F 3-2: Foul Ball, location: 2F 3-2: Base on Balls Ron Winston to third Stan Webb to second
|
Batting: RHB Parker Gonzáles
|
0-0: Called Strike 0-1: Grounds into fielders choice 4-2 (Groundball, 4) Stan Webb to third Axel Hall to second
|
Batting: SHB Pete Fields
|
0-0: Foul Ball, location: 2F 0-1: Called Strike 0-2: Ball 1-2: Fly out, F4 (Line Drive, 4)
|
Bottom of the 6th over - 0 run(s), 2 hit(s), 0 error(s), 3 left on base; Butler 1 - Texas Christian 2 |
TOP OF THE 7TH |
Butler Bulldogs batting - Pitching for Texas Christian Horned Frogs : RHP David Miller
|
Batting: LHB Arnold Bernard
|
0-0: Called Strike 0-1: Ball 1-1: Foul Ball, location: 2F 1-2: Foul Ball, location: 2F 1-2: Strikes out swinging
|
Pitching: RHP Troy Perkins
|
|
Batting: SHB Kel Davis
|
0-0: Fly out, F7 (Flyball, 7)
|
Batting: RHB Foster Love
|
0-0: Ball 1-0: Ball 2-0: Called Strike 2-1: Foul Ball, location: 2F 2-2: Foul Ball, location: 2F 2-2: Ground out 6-3 (Groundball, 6)
|
Top of the 7th over - 0 run(s), 0 hit(s), 0 error(s), 0 left on base; Butler 1 - Texas Christian 2 |
BOTTOM OF THE 7TH |
Texas Christian Horned Frogs batting - Pitching for Butler Bulldogs : RHP Cory Smith
|
Batting: RHB Eric Adams
|
0-0: SINGLE (Line Drive, 7S)
|
Batting: RHB Jeff Byford
|
0-0: SINGLE (Line Drive, 8RS) Eric Adams to second
|
Batting: LHB Todd Gilliam
|
0-0: Ball 1-0: Ball 2-0: Ball 3-0: Base on Balls Eric Adams to third Jeff Byford to second
|
Batting: LHB Winston Lewis
|
0-0: Called Strike 0-1: Ball Wild Pitch! Eric Adams scores Jeff Byford to third Todd Gilliam to second 1-1: Foul Ball, location: 2F 1-2: Foul Ball, location: 2F 1-2: Foul Ball, location: 2F 1-2: Strikes out swinging
|
Batting: SHB Ron Winston
|
0-0: Intentional Walk
|
Batting: RHB Stan Webb
|
0-0: Fly out, F6 (Line Drive, 6M) Lined into DP, U6 (Line Drive, 6M)
|
Bottom of the 7th over - 1 run(s), 2 hit(s), 0 error(s), 2 left on base; Butler 1 - Texas Christian 3 |
TOP OF THE 8TH |
Butler Bulldogs batting - Pitching for Texas Christian Horned Frogs : RHP Troy Perkins
|
Batting: RHB Daniel Bennett
|
0-0: Called Strike 0-1: Ball 1-1: Ground out U3 (Groundball, 34S)
|
Batting: SHB Larry Walters
|
0-0: Ball 1-0: Ball 2-0: Foul Ball, location: 2F 2-1: Fly out, F8 (Flyball, 89M)
|
Batting: LHB Alex Kelly
|
0-0: Ball 1-0: Ball 2-0: Ball 3-0: Called Strike 3-1: Base on Balls
|
Pitching: LHP Joe Roberts
|
|
Batting: LHB Víctor Piña
|
0-0: Ball 1-0: Called Strike 1-1: Ball 2-1: Swinging Strike 2-2: Foul Ball, location: 2F 2-2: Foul Ball, location: 2F 2-2: Strikes out swinging
|
Top of the 8th over - 0 run(s), 0 hit(s), 0 error(s), 1 left on base; Butler 1 - Texas Christian 3 |
BOTTOM OF THE 8TH |
Texas Christian Horned Frogs batting - Pitching for Butler Bulldogs : RHP Cory Smith
|
Batting: LHB Axel Hall
|
0-0: Ball 1-0: SINGLE (Line Drive, 8LS)
|
Batting: RHB Parker Gonzáles
|
0-0: Bunted foul 0-1: Sac Bunt - play at first, batter OUT! 5-4 Axel Hall to second
|
Batting: SHB Pete Fields
|
0-0: Ball 1-0: Ground out 4-3 (Groundball, 4S) Axel Hall to third
|
Batting: RHB Eric Adams
|
0-0: Foul Ball, location: 2F 0-1: Ball 1-1: Ground out 6-3 (Groundball, 6)
|
Bottom of the 8th over - 0 run(s), 1 hit(s), 0 error(s), 1 left on base; Butler 1 - Texas Christian 3 |
TOP OF THE 9TH |
Butler Bulldogs batting - Pitching for Texas Christian Horned Frogs : LHP Joe Roberts
|
Pitching: RHP Dick Davis
|
|
Batting: LHB Darryl Kirby
|
0-0: Foul Ball, location: 2F 0-1: Ball 1-1: Ball 2-1: SOLO HOME RUN (Line Drive, 89XD), Distance : 413 ft
|
Batting: RHB Howard Reed
|
0-0: Ball 1-0: Called Strike 1-1: Swinging Strike 1-2: Ground out 5-3 (Groundball, 56)
|
Batting: LHB Arnold Bernard
|
0-0: Ball 1-0: Foul Ball, location: 2F 1-1: Foul Ball, location: 2F 1-2: SINGLE (Groundball, 6M) (infield hit)
|
Batting: SHB Kel Davis
|
0-0: Foul Ball, location: 2F 0-1: Ball 1-1: Swinging Strike 1-2: Ball 2-2: Ball 3-2: Foul Ball, location: 2F 3-2: Base on Balls Arnold Bernard to second
|
Batting: RHB Foster Love
|
0-0: Ball 1-0: Ball 2-0: Foul Ball, location: 2F 2-1: 3-RUN HOME RUN (Flyball, 7D), Distance : 407 ft
|
Pitching: LHP Bob Watkins
|
|
Batting: RHB Daniel Bennett
|
0-0: Ball 1-0: Ball 2-0: Foul Ball, location: 2F 2-1: Foul Ball, location: 2F 2-2: SINGLE (Flyball, 78S)
|
Batting: SHB Larry Walters
|
0-0: Ball 1-0: Called Strike 1-1: Foul Ball, location: 2F 1-2: Fly out, F9 (Flyball, 9S)
|
Batting: LHB Alex Kelly
|
0-0: Ball 1-0: Fly out, F9 (Line Drive, 9)
|
Top of the 9th over - 4 run(s), 4 hit(s), 0 error(s), 1 left on base; Butler 5 - Texas Christian 3 |
BOTTOM OF THE 9TH |
Texas Christian Horned Frogs batting - Pitching for Butler Bulldogs : RHP Cory Smith
|
Pitching: LHP Glenn Harmon
|
|
Batting: RHB Jeff Byford
|
0-0: Fly out, F9 (Flyball, 89S)
|
Batting: LHB Todd Gilliam
|
0-0: Swinging Strike 0-1: Ball 1-1: Fly out, F8 (Flyball, 8LM)
|
Batting: LHB Winston Lewis
|
0-0: Called Strike 0-1: Ground out 3-1 (Groundball, 34)
|
Bottom of the 9th over - 0 run(s), 0 hit(s), 0 error(s), 0 left on base; Butler 5 - Texas Christian 3 |
|